 Dungeon Crawl Stone Soup version 0.32-a0-576-g706899e69d (webtiles) character file.

Game seed: 17826215421271329995

9 Dittersdorf the Shield-Bearer (level 2, -2/19 HPs)
             Began as a Gargoyle Fighter on Mar 1, 2024.
             Slain by Jessica
             ... wielding a +0 dagger
              (5 damage)
             ... on level 2 of the Dungeon.
             The game lasted 00:00:24 (911 turns).

Dittersdorf the Shield-Bearer (Gargoyle Fighter)     Turns: 911, Time: 00:00:24

Health: -2/19      AC: 12    Str: 19    XL:     2   Next: 16%
Magic:  2/2        EV:  7    Int:  8    God:
Gold:   57         SH:  4    Dex:  9    Spells: 1/1 levels left

rFire   . . .        a - +0 flail
rCold   . . .        c - +0 buckler
rNeg    + . .        g - +0 chain mail
rPois   ∞            (no helmet)
rElec   +            (no cloak)
rCorr   .            (no gloves)
SInv    .            (no boots)
Will    .....        (no amulet) Stlth
                     (no ring)
HPRegen 0.23/turn    (no ring)
MPRegen 0.08/turn

%: no passive effects
@: slowed, very slow
A: sickness immunity, AC +2, negative energy resistance 1, electricity
resistance, torment resistance 1, petrification resistance
a: no special abilities


You were on level 2 of the Dungeon.
You visited 1 branch of the dungeon, and saw 2 of its levels.

You collected 57 gold pieces.

Inventory:

Hand Weapons
 a - a +0 flail (weapon)
Armour
 c - a +0 buckler (worn)
 g - a +0 chain mail (worn)
Scrolls
 e - 3 scrolls of identify {unknown}
Potions
 d - a potion of might
 f - a potion of curing {unknown}


   Skills:
 + Level 3.4 Fighting
 + Level 2.2 Maces & Flails
 + Level 3.4 Armour
 + Level 3.5 Shields


You had one spell level left.
You didn't know any spells.
Your spell library was empty.

Dungeon Overview and Level Annotations

Branches:
Dungeon (2/15)

Altars:
Uskayaw

Annotations:
D:2 Jessica


Innate Abilities, Weirdness & Mutations

You are immune to sickness and miasma.
Your stone body is resilient. (AC +2)
You are immune to poison.
You resist negative energy. (rN+)
You are resistant to electric shocks. (rElec)
You are resistant to unholy torment.
You are immune to petrification.


Message History

Jessica hits you but does no damage.
You barely miss Jessica.
Jessica is severely wounded.
Jessica hits you but does no damage. Jessica hits you with a +0 dagger.
Jessica hits you but does no damage.
You are too injured to fight recklessly!
You are too injured to fight recklessly!
You are too injured to fight recklessly!
You are too injured to fight recklessly!
You are too injured to fight recklessly!
You are too injured to fight recklessly!
You are too injured to fight recklessly!
You are too injured to fight recklessly!
You are too injured to fight recklessly!
You are too injured to fight recklessly!
You are too injured to fight recklessly!
You are too injured to fight recklessly!
You are too injured to fight recklessly!
You are too injured to fight recklessly!
You are too injured to fight recklessly!
You are too injured to fight recklessly!
You are too injured to fight recklessly!
You are too injured to fight recklessly!
You are too injured to fight recklessly!
You are too injured to fight recklessly!
You are too injured to fight recklessly!
You are too injured to fight recklessly!
You hit Jessica.
Jessica is severely wounded.
Jessica gestures wildly.
Jessica gestures at you while chanting. Pain shoots through your body!
* * * LOW HITPOINT WARNING * * *
Jessica barely misses you. Jessica hits you but does no damage.
You barely miss Jessica.
Jessica is severely wounded.
Jessica casts a spell at you.
You feel as though you will be slow longer.
Jessica hits you with a +0 dagger.
You die...

######
...##.#
#....#
...#..##.
+....+
.........
#....#
#......#.
#....#
#..._...#
#....#
#.....)..
#....#
#.@.....<
#....###@#
#....<...#
##########


You could see Jessica (fast).

Vanquished Creatures
  2 endoplasms (D:1)
  A giant cockroach (D:1)
  A goblin (D:1)
  A hobgoblin (D:1)
  A ball python (D:1)
  3 kobolds (D:1)
9 creatures vanquished.

Notes
Turn   | Place    | Note
-------+----------+-------------------------------------------
     0 | D:1      | Dittersdorf the Gargoyle Fighter began the quest for the
                  | Orb.
     0 | D:1      | Reached XP level 1. HP: 14/14 MP: 1/1
   315 | D:1      | Reached XP level 2. HP: 15/19 MP: 2/2
   904 | D:2      | Found a hide-covered altar of Uskayaw.
   904 | D:2      | Noticed Jessica
   911 | D:2      | Slain by Jessica

Illustrated notes

Levels and vault maps discovered:
D:1:      dpeg_arrival_rooms_with_view, layout_basic,
          chequers_serial_rivers_micro_a, hangedman_abyss_or_decor_lesser_grid,
          minmay_misc_feat_rows
D:2:      layout_basic, basic_altar, dilly_ecumenical_altar_fadedgnrine,
          uniq_jessica

Action                     || total
---------------------------++-------
  Melee: Flail             ||    27
 Armour: Chain mail        ||    25
         Scale mail        ||     5
  Dodge: Dodged            ||     9
  Block: Buckler           ||     3

Table legend: (Time is in decaauts)
 A = Elapsed time spent in this place.
 B = Non-inter-level travel time spent in this place.
 C = Inter-level travel time spent in this place.
 D = Time resting spent in this place.
 E = Time spent auto-exploring this place.
 F = Levels seen in this place.
 G = Mean time per level.
                   A        B        C        D        E       F      G
               +--------+--------+--------+--------+--------+-----+--------+
         Total |    922 |    864 |     58 |      0 |    764 |   2 |  461.0 |
       Dungeon |    922 |    864 |     58 |      0 |    764 |   2 |  461.0 |
               +--------+--------+--------+--------+--------+-----+--------+

Top non-repeatable levels by time:
     D:1: 908 daAuts
     D:2: 14 daAuts
